 Dungeon Crawl Stone Soup version 0.32-a0-646-g91cf321817 (webtiles) character file.

Game seed: 523088892714478196

8395 Kenran the Grappler (level 11, -4/95 HPs)
             Began as a Minotaur Summoner on Mar 8, 2024.
             Was a High Priest of Cheibriados.
             Hit by a large rock thrown by a cyclops (6 damage)
             ... on level 12 of the Dungeon.
             The game lasted 00:16:14 (6919 turns).

Kenran the Grappler (Minotaur Summoner)             Turns: 6919, Time: 00:16:15

Health: -4/95      AC: 24    Str: 30    XL:     11   Next: 9%
Magic:  13/13      EV: 12    Int: 26    God:    Cheibriados [*****.]
Gold:   548        SH: 11    Dex: 32    Spells: 11/12 levels left

rFire   + .          .
                       - Unarmed
rCold   . . .        A - +0 kite shield
rNeg    + . .        w - +0 plate armour
rPois   .            (helmet restricted)
rElec   +            (no cloak)
rCorr   .            s - +1 pair of gloves of Youthful Indiscretion {-Tele rElec rF+ rN+}
SInv    .            x - +2 pair of boots {rampage}
Will    .....        (no amulet) Stlth
                     d - +4 ring of protection
HPRegen 0.35/turn    r - +6 ring of dexterity
MPRegen 0.13/turn

%: no teleportation, rampage
@: very slow
A: horns 2, retaliatory headbutt
a: Renounce Religion, Bend Time, Temporal Distortion, Slouch, Step From Time


You were on level 12 of the Dungeon.
You worshipped Cheibriados.
Cheibriados was extremely pleased with you.
You visited 1 branch of the dungeon, and saw 10 of its levels.

You collected 613 gold pieces.
You spent 65 gold pieces at shops.

Inventory:

Armour
 s - the +1 pair of gloves of Youthful Indiscretion (worn) {-Tele rElec rF+ rN+}
   (You found it on level 4 of the Dungeon)

   rF+:       It protects you from fire.
   rElec:     It insulates you from electricity.
   rN+:       It protects you from negative energy.
   -Tele:     It prevents most forms of teleportation.
 w - a +0 plate armour (worn)
 x - a +2 pair of boots of rampaging (worn)
 A - a +0 kite shield (worn)
Jewellery
 d - a +4 ring of protection (left hand)
 h - a ring of positive energy
 l - a ring of protection from cold
 r - a +6 ring of dexterity (right hand)
Wands
 c - a wand of flame (35)
 y - a wand of light (8)
Scrolls
 f - 7 scrolls of teleportation
 i - a scroll of enchant weapon
 t - 2 scrolls of enchant armour
 u - a scroll of brand weapon
 v - a scroll of noise {unknown}
 z - a scroll of butterflies {unknown}
Potions
 a - 2 potions of curing {@q1}
 b - a potion of magic
 e - 2 potions of haste {unknown}
 g - 2 potions of lignification {unknown}
 j - a potion of brilliance {unknown}
 k - 2 potions of invisibility {unknown}
 m - 2 potions of attraction {unknown}
 n - a potion of enlightenment {unknown}
 o - a potion of heal wounds {@q2}
 p - 2 potions of mutation {unknown}
 q - 2 potions of resistance {unknown}


   Skills:
 + Level 8.7 Fighting
 - Level 10.0 Armour
 - Level 6.0 Dodging
 - Level 1.5 Stealth
 - Level 12.0 Unarmed Combat
 - Level 1.3 Spellcasting
 - Level 2.9 Summonings
 + Level 5.0 Invocations


You had 11 spell levels left.
You knew the following spells:

 Your Spells              Type           Power      Damage    Failure   Level
a - Summon Small Mammal   Summ           68%        N/A       45%         1

Your spell library contained the following spells:

 Spells                   Type           Power      Damage    Failure   Level
 Call Imp                 Summ           34%        N/A       58%         2
 Call Canine Familiar     Summ           17%        N/A       83%         3
 Shock                    Conj/Air       4%         1d3       86%         1
 Sting                    Conj/Alch      4%         1d3       86%         1
 Blink                    Tloc           2%         N/A       94%         2
 Ensorcelled Hibernation  Hex/Ice        2%         N/A       94%         2
 Lesser Beckoning         Tloc           2%         N/A       94%         2
 Momentum Strike          Conj/Tloc      2%         3d8       94%         2
 Sublimation of Blood     Necr           1%         N/A       94%         2
 Fugue of the Fallen      Necr           1%         N/A       99%         3
 Swiftness                Air            1%         N/A       99%         3
 Airstrike                Air            0%         2d(1-17)  100%        4
 Anguish                  Hex/Necr       0%         N/A       100%        4
 Petrify                  Alch/Erth      1%         N/A       100%        4
 Summon Blazeheart Golem  Fire/Summ      9%         N/A       100%        4
 Summon Lightning Spire   Summ/Air       9%         N/A       100%        4
 Irradiate                Conj/Alch      0%         3d11      100%        5
 Orb of Destruction       Conj           0%         9d5       100%        7
 Spellforged Servitor     Conj/Summ      4%         N/A       100%        7


Dungeon Overview and Level Annotations

Branches:
Dungeon (9/15)             Temple (0/1) D:5
   Lair: D:8-11         Orc: D:9-12

Altars:
Cheibriados
Hepliaklqana
Kikubaaqudgha
Wu Jian

Shops:
D:2 [   D:4 [(!


Innate Abilities, Weirdness & Mutations

You have a pair of horns on your head.
You reflexively headbutt those who attack you in melee.


Message History

The troll is heavily wounded.
You block the troll's attack. The troll closely misses you.
You block the troll's attack.
You punch the troll!
The troll is severely wounded.
The troll bites you but does no damage. You block the troll's attack.
The troll claws you.
You hit the troll but do no damage. You headbutt the troll!
You kill the troll!
Cheibriados appreciates the change of pace.
Your Invocations skill increases to level 5!
No target in view!
You now have 548 gold pieces (gained 17).
You open the door.
There is an open door here.
Found a war axe.
A malevolent force fills the Dungeon...
You fall into a shaft and drop 3 floors!
The shaft crumbles and collapses.
Found a hand axe.
A gargoyle and a cyclops come into view.
The cyclops shouts!
The gargoyle hurls a stone arrow at you.
The stone arrow hits you!
The cyclops throws a large rock.
The large rock hits you!!
Okay, then.
You feel better.
You rampage towards the gargoyle!
A cyclops comes into view.
Cheibriados thinks you should slow down.
You feel a little guilty. The gargoyle hits you with a +0 flail!
The gargoyle closely misses you.
The cyclops throws a large rock.
The large rock hits you!!
* * * LOW HITPOINT WARNING * * *
The cyclops throws a large rock.
The large rock hits you!!
* * * LOW HITPOINT WARNING * * *
You fail to use your ability.
You block the gargoyle's attack.
The cyclops throws a large rock.
The large rock hits you.
You die...
Cheibriados appreciates the motionlessness of death.

▓▓..... ▓▓▓.......
▓▓▓.........
▓▓▓...........
▓▓▓............#
▓▓▓..............#
▓▓▓................#
▓▓.......#####......#
....C..@.# ......#
......9..# .....)#
.........# ......#
.........# .......
.........# .......
#######... #... #..C.


You could see 2 cyclopes and a gargoyle.

Vanquished Creatures
  A two-headed ogre (D:9)
  Joseph (D:9)
  A troll (D:9)
  2 hornets (D:9)
  Sigmund (D:4)
  15 yaks
  A wyvern (D:9)
  2 steam dragons
  An acid dragon (D:7)
  2 water moccasins
  A sky beast (D:6)
  5 black bears
  2 orc warriors
  An ice beast (D:7)
  An ogre (D:6)
  A centaur (D:8)
  A phantom (D:3)
  A gnoll sergeant (D:9)
  A bullfrog (D:8)
  Blork the orc (D:4)
  6 scorpions
  14 wights
  11 killer bees
  2 howler monkeys
  A gnoll bouda (D:6)
  10 orc priests
  2 hounds (D:4)
  A jelly (D:6)
  Ijyb (D:4)
  3 iguanas
  A sleepcap (D:4)
  5 orc wizards
  8 gnolls
  12 adders
  2 white imps
  4 ufetubi
  2 ribbon worms (D:2)
  3 dart slugs
  39 orcs
  3 endoplasms
  2 giant cockroaches
  5 goblins
  8 hobgoblins
  6 jackals
  13 kobolds
  3 quokkas
  13 ball pythons
  8 bats
  4 frilled lizards (D:1)
  A rat (D:3)
235 creatures vanquished.

Notes
Turn   | Place    | Note
-------+----------+-------------------------------------------
     0 | D:1      | Kenran the Minotaur Summoner began the quest for the Orb.
     0 | D:1      | Reached XP level 1. HP: 14/14 MP: 1/1
   118 | D:1      | Reached skill level 1 in Unarmed Combat
   226 | D:1      | Reached XP level 2. HP: 18/20 MP: 3/3
   243 | D:1      | Reached skill level 2 in Unarmed Combat
   328 | D:1      | Found a faded altar of an unknown god.
   395 | D:1      | Got Plato's Vellum of the Missiles
   398 | D:1      | Prayed at the altar of an unknown god.
   398 | D:1      | Became a worshipper of Cheibriados the Contemplative
   398 | D:1      | Reached * piety under Cheibriados
   927 | D:2      | Reached skill level 3 in Unarmed Combat
   927 | D:2      | Reached XP level 3. HP: 22/26 MP: 4/4
  1121 | D:2      | Reached skill level 4 in Unarmed Combat
  1121 | D:2      | Reached XP level 4. HP: 33/33 MP: 5/5
  1198 | D:2      | Found Ymitel's Armour Emporium.
  1844 | D:3      | Reached ** piety under Cheibriados
  2160 | D:3      | Reached skill level 5 in Unarmed Combat
  2168 | D:3      | Reached XP level 5. HP: 27/38 MP: 6/6
  2235 | D:4      | Noticed a phantom
  2259 | D:3      | Killed a phantom
  2260 | D:3      | Reached skill level 6 in Unarmed Combat
  2280 | D:4      | Found Zirim's Distillery.
  2280 | D:4      | Found Zeku Mai's Weapon Shop.
  2282 | D:4      | Found Kehyanoo's Antique Armour Shoppe.
  2286 | D:4      | Bought a potion of heal wounds for 65 gold pieces
  2356 | D:4      | Reached *** piety under Cheibriados
  2378 | D:4      | Reached XP level 6. HP: 45/45 MP: 7/7
  2396 | D:4      | Noticed Sigmund
  2406 | D:4      | Killed Sigmund
  2407 | D:4      | Reached skill level 7 in Unarmed Combat
  2482 | D:4      | Noticed Blork the orc
  2483 | D:4      | Noticed Ijyb
  2489 | D:4      | Killed Blork the orc
  2490 | D:4      | Reached skill level 8 in Unarmed Combat
  2490 | D:4      | Reached XP level 7. HP: 40/50 MP: 8/8
  2497 | D:4      | Killed Ijyb
  2513 | D:4      | Reached skill level 9 in Unarmed Combat
  2611 | D:4      | Identified the +1 pair of gloves of Youthful Indiscretion
                  | {-Tele rElec rF+ rN+}
  2764 | D:4      | Reached skill level 10 in Unarmed Combat
  2776 | D:4      | Reached **** piety under Cheibriados
  2964 | D:5      | Entered Level 5 of the Dungeon
  3057 | D:5      | Reached skill level 1 in Fighting
  3057 | D:5      | Reached XP level 8. HP: 59/59 MP: 9/9
  3321 | D:5      | Found a staircase to the Ecumenical Temple.
  3612 | D:6      | Reached skill level 5 in Fighting
  3662 | D:6      | Reached skill level 1 in Armour
  3676 | D:6      | Found an ornate altar of the Wu Jian Council.
  3676 | D:6      | Found a hazy altar of Hepliaklqana.
  3676 | D:6      | Found an ancient bone altar of Kikubaaqudgha.
  3811 | D:6      | Identified the +1 rapier "Rireomn" {antimagic, Str+2 Dex+3
                  | Stlth+}
  3891 | D:6      | Reached ***** piety under Cheibriados
  4249 | D:6      | Reached XP level 9. HP: 72/75 MP: 10/10
  4629 | D:7      | Reached skill level 5 in Dodging
  4629 | D:7      | Reached skill level 11 in Unarmed Combat
  4665 | D:7      | Reached skill level 5 in Armour
  5793 | D:8      | Reached skill level 12 in Unarmed Combat
  5806 | D:8      | Reached XP level 10. HP: 75/83 MP: 11/11
  6350 | D:9      | Noticed Joseph
  6362 | D:9      | Killed Joseph
  6450 | D:9      | Reached skill level 10 in Armour
  6521 | D:9      | Reached skill level 1 in Invocations
  6575 | D:9      | Noticed a two-headed ogre
  6579 | D:9      | Killed a two-headed ogre
  6659 | D:9      | Reached XP level 11. HP: 95/95 MP: 13/13
  6894 | D:9      | Reached skill level 5 in Invocations
  6912 | D:9      | You fall into a shaft and drop 3 floors!
  6918 | D:12     | HP: 1/95 [cyclops/large rock (26)]
  6919 | D:12     | Hit by a large rock thrown by a cyclops

Illustrated notes

Levels and vault maps discovered:
D:1:      dpeg_arrival_fog, layout_basic, shapermc_ecumenical_altar_rom_forum,
          chequers_serial_rivers_small_3
D:2:      layout_loops_ring, serial_shops, nicolae_shop_tiny_waterfront
D:3:      layout_basic
D:4:      layout_rooms, nicolae_wooded_promenade, nzn_random_ring, uniq_ijyb,
          uniq_blork_the_orc, uniq_sigmund
D:5:      layout_basic, minmay_temple_entry_fiery, serial_bayou_lake_a
D:6:      layout_basic, chequers_temple_overflow_statue_of_worship,
          serial_curves, eino_curves_04, eino_curves_01,
          nicolae_figureground_sparkle
D:7:      layout_loops_corners
D:8:      layout_basic, minmay_misc_feat_square
D:9:      layout_irregular_city, eino_curves_01, glass_columns_a, uniq_joseph
D:12:     minmay_the_grid_triangle_9x9_recursive_3
          [minmay_the_grid_triangle_9x9_swiss_cheese,
          minmay_the_grid_triangle_9x9_zippers_vertical,
          minmay_the_grid_triangle_9x9_semitri,
          minmay_the_grid_triangle_9x9_prize_center,
          minmay_the_grid_triangle_9x9_longest,
          minmay_the_grid_triangle_9x9_tough_junction,
          minmay_the_grid_triangle_9x9_from_above,
          minmay_the_grid_triangle_9x9_sparse_checkered,
          minmay_the_grid_triangle_9x9_corruption], layout_irregular_city,
          kennysheep_generic_room_8, uniq_rupert

Skill      XL: |  1  2  3  4  5  6  7  8  9 10 11 |
---------------+----------------------------------+-----
Unarmed Combat | 1 3 4 5 6 8 10 12 | 12.0
Fighting       | 1 6 8 |  8.7
Armour         | 3 6 10 | 10.0
Dodging        | 3 6 |  6.0
Invocations    | 4 5 |  5.0
Stealth        | |  1.5
Spellcasting   | |  1.3
Summonings     | |  2.9

Action                     |  1- 3 |  4- 6 |  7- 9 | 10-12 || total
---------------------------+-------+-------+-------+-------++-------
  Melee: Unarmed           |   109 |   112 |   285 |   154 ||   660
         Headbutt          |    14 |    16 |    53 |    45 ||   128
         Punch             |       |     1 |    21 |     4 ||    26
  Evoke: Wand              |       |       |       |     1 ||     1
    Use: Scroll            |       |     4 |     1 |     1 ||     6
         Potion            |       |     1 |     1 |     1 ||     3
 Armour: Ring mail         |    69 |    86 |       |       ||   155
         Scale mail        |       |     7 |   150 |       ||   157
         Plate armour      |       |       |    58 |    79 ||   137
  Dodge: Dodged            |    64 |    72 |   155 |    65 ||   356
  Block: Kite shield       |       |       |       |    19 ||    19

Table legend: (Time is in decaauts)
 A = Elapsed time spent in this place.
 B = Non-inter-level travel time spent in this place.
 C = Inter-level travel time spent in this place.
 D = Time resting spent in this place.
 E = Time spent auto-exploring this place.
 F = Levels seen in this place.
 G = Mean time per level.
                   A        B        C        D        E       F      G
               +--------+--------+--------+--------+--------+-----+--------+
         Total |  10414 |  10034 |    380 |    710 |   7497 |  10 | 1041.4 |
       Dungeon |  10414 |  10034 |    380 |    710 |   7497 |  10 | 1041.4 |
               +--------+--------+--------+--------+--------+-----+--------+

Top non-repeatable levels by time:
     D:7: 2007 daAuts
     D:8: 1433 daAuts
     D:6: 1208 daAuts
     D:1: 1091 daAuts
     D:4: 1047 daAuts
     D:2: 1005 daAuts
     D:9: 980 daAuts
     D:5: 825 daAuts
     D:3: 802 daAuts
    D:12: 12 daAuts
